 Dungeon Crawl Stone Soup version 0.30-a0-629-gd54f4be4f7 (webtiles) character file.

Game seed: 3208933601656951161

49 NinjaNoafa the Caller (level 3, 0/14 HPs)
             Began as a Felid Summoner on Jan 12, 2023.
             Slain by a goblin
             ... wielding a +0 dagger
             ... led by Robin
              (5 damage)
             ... on level 2 of the Dungeon.
             The game lasted 00:05:14 (1920 turns).

NinjaNoafa the Caller (Felid Summoner)              Turns: 1920, Time: 00:05:15

Health: 0/14       AC:  1    Str:  4    XL:     3   Next: 51%
Magic:  0/8        EV: 17    Int: 18    God:
Gold:   69         SH:  0    Dex: 16    Spells: 2/8 levels left
                                        Lives:  0   Deaths: 0

rFire   . . .      SeeInvis +    (weapon unavailable)
rCold   . . .      Faith    .    (shield unavailable)
rNeg    . . .      Spirit   +    (body armour unavailable)
rPois   .          Reflect  .    (helmet unavailable)
rElec   .          Harm     .    (cloak unavailable)
rCorr   .          Rampage  .    (gloves unavailable)
Will    .....                    (boots unavailable)
Stlth   ++                       i - amulet of guardian spirit
HPRegen 0.22/turn                (no ring)
MPRegen 0.11/turn                (no ring)

@: weak-willed, quick
A: very small, claws 1, fangs 3, see invisible, speed 1, shaggy fur 1, stealthy
paws, no weapons or thrown items, no armour, multi-lived
a: no special abilities


You were on level 2 of the Dungeon.
You visited 1 branch of the dungeon, and saw 2 of its levels.

You collected 69 gold pieces.

Inventory:

Jewellery
 i - an amulet of guardian spirit (around neck)
Scrolls
 h - a scroll of enchant weapon
Potions
 a - a potion of magic
 b - a potion of curing {unknown}
 d - a potion of berserk rage {unknown}
 e - a potion of mutation {unknown}
 g - a potion of heal wounds {unknown}


   Skills:
 - Level 2.6 Dodging
 - Level 2.6 Stealth
 + Level 3.0 Spellcasting
 + Level 4.7 Summonings


You had 2 spell levels left.
You knew the following spells:

 Your Spells              Type           Power      Damage    Failure   Level
a - Summon Small Mammal   Summ           76%        N/A       2%          1
b - Call Imp              Summ           19%        N/A       3%          2
c - Call Canine Familiar  Summ           19%        N/A       7%          3

Your spell library contained the following spells:

 Spells                   Type           Power      Damage    Failure   Level
 Summon Guardian Golem    Hex/Summ       11%        N/A       19%         3
 Summon Lightning Spire   Summ/Air       11%        N/A       52%         4


Dungeon Overview and Level Annotations

Branches:
Dungeon (2/15)

Altars:

Annotations:
D:2 Robin


Innate Abilities, Weirdness & Mutations

You have sharp claws.
You have razor-sharp teeth.
You have supernaturally acute eyesight. (SInv)
You cover ground quickly. (Speed+)
You are covered in fur. (AC +1)
Your paws help you pounce on unaware monsters.
You are incapable of wielding weapons or throwing items.
You cannot wear armour.
You gain extra lives every three experience levels.


Message History

The goblin hits you with a +0 club.
You hear a whirring sound.
The goblin shoots a sling bullet.
The sling bullet closely misses you.
Found a scroll labelled CIABRA PEIXED.
The goblin hits something with a +0 club.
Robin roars a battlecry!
The goblins go into a battle-frenzy!
You scratch the goblin but do no damage.
The goblin barely misses your crimson imp.
A goblin comes into view. It is wielding a +0 dagger.
Robin throws the goblin at you!
The goblin unwields a +0 sling.
The goblin wields a +0 club.
The goblin closely misses you.
As you read the scroll labelled OMEYSA ZOONO, it crumbles to dust.
You hear a loud clanging noise!
It was a scroll of noise.
You hear a shout!
The goblin hits you with a +0 dagger. The goblin misses your crimson imp.
The goblin hits you but does no damage. The goblin misses you.
As you read the scroll labelled OMPYSE GALEAFIENT, it crumbles to dust.
It is a scroll of identify.
h - a scroll of enchant weapon The goblin barely misses you.
Your crimson imp hits the goblin.
The goblin hits your quokka with a +0 club.
The goblin closely misses you. The goblin hits you with a +0 club.
Your quokka bites the goblin.
The goblin dies!
Okay, then.
As you read the scroll labelled OMNIRO AKHLIC, it crumbles to dust.
Magic quickly surges around you.
It was a scroll of vulnerability.
Your crimson imp hits the goblin.
The goblin closely misses you.
The goblin closely misses your crimson imp.
The goblin closely misses you.
As you read the scroll labelled HUYNOC MOX, it crumbles to dust.
It is a scroll of amnesia.
Really abort (and waste the scroll)?
Okay, then.
The goblin no longer looks unusually strong.
Your crimson imp barely misses the goblin.
The goblin hits you with a +0 dagger.
You die...

.....# .....#
.....########
.....##.....#
#....##.###.#
#......)# #.#
####.######.######
............rr5gg#
.######.####.###@#
..# ##.....#g# ..#
#.#).##g# ..+
....r..gg. ..#
#####+##)## ..#
..). ..# ?###g ..#
.. ..#


You could see Robin (weak-willed), a hobgoblin (strong, weak-willed), 4 goblins,
a friendly crimson imp (summoned, weak-willed) and 2 friendly quokkas.

Vanquished Creatures (collateral kills)
  A gnoll (D:2)
  A worm (D:2)
  2 dart slugs (D:1)
  4 ball pythons
  2 endoplasms (D:1)
  8 goblins
  A hobgoblin (D:2)
  4 jackals (D:2)
  A bat (D:2)
  3 kobolds
  5 rats
32 creatures vanquished.

Notes
Turn   | Place    | Note
-------+----------+-------------------------------------------
     0 | D:1      | NinjaNoafa the Felid Summoner began the quest for the Orb.
     0 | D:1      | Reached XP level 1. HP: 7/7 MP: 4/4
   457 | D:1      | Reached XP level 2. HP: 11/11 MP: 3/6
   511 | D:1      | Learned a level 2 spell: Call Imp
  1436 | D:2      | Reached XP level 3. HP: 14/14 MP: 2/8
  1440 | D:2      | Learned a level 3 spell: Call Canine Familiar
  1896 | D:2      | Noticed Robin
  1920 | D:2      | Slain by a goblin

Illustrated notes

Levels and vault maps discovered:
D:1:      amcnicky_arrival_underground_garden, layout_basic
D:2:      minmay_skewed_foursquare, layout_basic, uniq_robin

Skill      XL: |  1  2  3 |
---------------+----------+-----
Spellcasting   | 3 |  3.0
Dodging        | |  2.6
Stealth        | |  2.6
Summonings     | |  4.7

Action                   || total
-------------------------++-------
Melee: Unarmed           ||     3
       Bite              ||     1
 Cast: Summon Small Mamm ||    33
       Call Imp          ||    13
       Call Canine Famil ||     7
  Use: Scroll            ||     4
Armor: Skin              ||     1
Dodge: Dodged            ||    21

Table legend: (Time is in decaauts)
 A = Elapsed time spent in this place.
 B = Non-inter-level travel time spent in this place.
 C = Inter-level travel time spent in this place.
 D = Time resting spent in this place.
 E = Time spent auto-exploring this place.
 F = Levels seen in this place.
 G = Mean time per level.
                   A        B        C        D        E       F      G
               +--------+--------+--------+--------+--------+-----+--------+
         Total |   1697 |   1671 |     26 |      0 |   1336 |   2 |  848.5 |
       Dungeon |   1697 |   1671 |     26 |      0 |   1336 |   2 |  848.5 |
               +--------+--------+--------+--------+--------+-----+--------+

Top non-repeatable levels by time:
     D:1: 1068 daAuts
     D:2: 629 daAuts
